 Dungeon Crawl Stone Soup version 0.18-a0-1523-gbe15c29 (webtiles) character file.

196 Ijustatesigmund the Insei (level 5, -6/36 HPs)
             Began as an Octopode Transmuter on Mar 7, 2016.
             Mangled by pedritolo's ghost (8 damage)
             ... on level 4 of the Dungeon.
             The game lasted 00:09:59 (4009 turns).

Ijustatesigmund the Insei (Octopode Transmuter)     Turns: 4009, Time: 00:10:00

Health: -6/36      AC:  1    Str: 10    XL:     5   Next: 74%
Magic:  8/8        EV:  7    Int: 16    God:
Gold:   111        SH:  0    Dex: 12    Spells: 3 memorised, 2 levels left

rFire  . . .     SeeInvis .       - Unarmed
rCold  . . .     Gourm    .     (no shield)
rNeg   . . .     Faith    .     (helmet restricted)
rPois  .         Spirit   .     d - amulet of magic regeneration
rElec  .         Dismiss  .     (no ring)
rCorr  .         Reflect  .     (no ring)
SustAt .         Harm     .     (no ring)
MR     .....                    (no ring)
Stlth  ++........               (no ring)
                                (no ring)
                                (no ring)
                                (no ring)

@: not resistant to hostile enchantments, unstealthy
A: almost no armour, amphibious, 8 rings, constrict 8, camouflage 1, gelatinous
body 1
a: no special abilities


You were on level 4 of the Dungeon.
You were not hungry.

You visited 1 branch of the dungeon, and saw 4 of its levels.

You collected 111 gold pieces.

Inventory:

Missiles
 a - 77 arrows
 i - 3 tomahawks of returning (quivered)
Jewellery
 d - an amulet of magic regeneration (around mantle)
 l - an uncursed amulet of rage {unknown}
Scrolls
 e - 3 scrolls of teleportation
 n - a scroll of enchant weapon
Potions
 f - 3 potions of curing
 g - a potion of heal wounds
 h - 2 potions of agility {unknown}
 j - a potion of haste {unknown}
 p - a potion of might {unknown}
Books
 b - a book of Changes

   Spells                             Type                      Level
   a - Beastly Appendage              Transmutation                1
   b - Sticks to Snakes               Transmutation                2
   c - Spider Form                    Transmutation/Poison         3
   d - Ice Form                       Ice/Transmutation            4
   e - Blade Hands                    Transmutation                5
Comestibles
 c - 3 bread rations
 k - a slice of pizza
 m - a fruit
 o - a meat ration


   Skills:
 - Level 3.0 Fighting
 - Level 2.0 Dodging
 + Level 4.9 Unarmed Combat
 - Level 2.0 Spellcasting
 - Level 2.0 Transmutations
 + Level 2.4 Poison Magic


You had 2 spell levels left.
You knew the following spells:

 Your Spells              Type           Power        Failure   Level  Hunger
a - Beastly Appendage     Trmt           #.....       10%         1    #......
b - Sticks to Snakes      Trmt           #.......     14%         2    ###....
c - Spider Form           Trmt/Pois      #.........   28%         3    ###....


Dungeon Overview and Level Annotations

Branches:
Dungeon (4/15)
 Temple: D:4-7

Altars:

Annotations:
D:3 Kilingo's ghost, weakling OgBe
D:4 pedritolo's ghost, amateur VSMo


Innate Abilities, Weirdness & Mutations

You cannot wear most types of armour.
You are amphibious.
You can wear up to eight rings at the same time.
You can use your tentacles to constrict eight enemies at once.
Your skin changes colour to match your surroundings (Stealth).
Your rubbery body absorbs attacks (AC +1).


Message History

You completely miss pedritolo's ghost.
Pedritolo's ghost is lightly damaged.
Pedritolo's ghost hits you.
You barely miss pedritolo's ghost.
Pedritolo's ghost is lightly damaged.
Pedritolo's ghost hits you!
You bite pedritolo's ghost!
Pedritolo's ghost is heavily damaged.
Pedritolo's ghost hits you.
* * * LOW HITPOINT WARNING * * *
You are too injured to fight recklessly!
Your transformation has ended.
There is an open door here.
Pedritolo's ghost says, "You will never get the ORB!"
Pedritolo's ghost swings its fists at you.
Pedritolo's ghost hits you!
* * * LOW HITPOINT WARNING * * *
There is a stone staircase leading up here.
Pedritolo's ghost hits you!
You die...

######## ###......#
#........#
+...#W...#
##'##@...#
#..###.####+###
...............#
...............#
...............'...
##..##+#########...
#.. . #. .


You could see pedritolo's ghost.

Vanquished Creatures
  Ijyb (D:2)
  Robin (D:3)
  2 gnolls (D:3)
  2 adders
  An ooze (D:1)
  3 worms (D:2)
  3 giant geckos
  5 orcs (D:3)
  2 ball pythons
  6 bats
  9 giant cockroaches
  9 hobgoblins
  2 quokkas (D:2)
  3 giant newts
  11 goblins
  6 kobolds
  5 rats
71 creatures vanquished.

Vanquished Creatures (collateral kills)
  Natasha (D:2)
  A gnoll (D:3)
  A worm (D:3)
  A dart slug (D:2)
  A hobgoblin (D:3)
  8 goblins (D:3)
13 creatures vanquished.

Grand Total: 84 creatures vanquished

Notes
Turn   | Place    | Note
--------------------------------------------------------------
     0 | D:1      | Ijustatesigmund the Octopode Transmuter began the quest for the Orb.
     0 | D:1      | Reached XP level 1. HP: 13/13 MP: 3/3
   373 | D:1      | Reached XP level 2. HP: 16/18 MP: 5/5
   377 | D:1      | Learned a level 2 spell: Sticks to Snakes
   749 | D:1      | Reached XP level 3. HP: 20/24 MP: 6/6
  1182 | D:2      | Noticed Ijyb
  1193 | D:2      | Killed Ijyb
  1193 | D:2      | Reached XP level 4. HP: 8/31 MP: 3/7
  1556 | D:2      | Learned a level 3 spell: Spider Form
  1628 | D:2      | Reached skill level 4 in Unarmed Combat
  1899 | D:2      | Noticed Natasha
  1909 | D:2      | Killed Natasha
  2323 | D:3      | Reached skill level 1 in Poison Magic
  2511 | D:3      | Reached XP level 5. HP: 36/36 MP: 2/8
  2567 | D:3      | Noticed Kilingo's ghost (weakling OgBe)
  3187 | D:3      | Noticed Robin
  3248 | D:3      | Killed Robin
  3993 | D:4      | Noticed pedritolo's ghost (amateur VSMo)
  4009 | D:4      | Mangled by pedritolo's ghost

Vault maps used:
D:1:      dpeg_arrival_pits, minivault_5, minivault_4
D:2:      uniq_natasha, uniq_iyjb
D:3:      uniq_robin
D:4:      first_bread, uniq_sigmund, uniq_menkaure

Skill      XL: |  1  2  3  4  5 |
---------------+----------------+-----
Fighting       | 2 3 |  3.0
Unarmed Combat | 4 |  4.9
Poison Magic   | 1 2 |  2.4
Dodging        | |  2.0
Spellcasting   | |  2.0
Transmutations | |  2.0

Action                   |  1- 3 |  4- 6 || total
-------------------------+-------+-------++-------
Melee: Unarmed           |    73 |   105 ||   178
 Cast: Beastly Appendage |     3 |    13 ||    16
       Sticks to Snakes  |     2 |    25 ||    27
       Spider Form       |       |     1 ||     1
  Use: Scroll            |     4 |     1 ||     5
       Potion            |     1 |     2 ||     3
 Stab: Sleeping          |     6 |     8 ||    14
  Eat: Chunk             |     1 |    11 ||    12
